 Dungeon Crawl Stone Soup version 0.30-a0-557-ge2afbf3030 (webtiles) character file.

Game seed: 17939365094784238760

37 PimpSugar the Magician (level 3, 0/25 HPs)
             Began as a Demonspawn Hedge Wizard on Dec 28, 2022.
             Slain by a hobgoblin (5 damage)
             ... on level 2 of the Dungeon.
             The game lasted 00:02:26 (1184 turns).

PimpSugar the Magician (Demonspawn Hedge Wizard)    Turns: 1184, Time: 00:02:27

Health: 0/25       AC:  2    Str: 10    XL:     3   Next: 21%
Magic:  6/7        EV: 12    Int: 17    God:
Gold:   32         SH:  0    Dex: 12    Spells: 5/8 levels left

rFire   . . .      SeeInvis .    a - +0 dagger
rCold   . . .      Faith    .    (no shield)
rNeg    . . .      Spirit   .    b - +0 robe
rPois   .          Reflect  .    c - +0 hat
rElec   .          Harm     .    (no cloak)
rCorr   .          Rampage  .    (no gloves)
Will    .....                    (no boots)
Stlth   ++                       (no amulet)
HPRegen 0.24/turn                (no ring)
MPRegen 0.10/turn                (no ring)

@: no status effects
A: powered by death 1
a: no special abilities


You were on level 2 of the Dungeon.
You visited 1 branch of the dungeon, and saw 2 of its levels.

You collected 32 gold pieces.

Inventory:

Hand Weapons
 a - a +0 dagger (weapon)
Missiles
 e - 15 stones (quivered)
 i - 2 throwing nets
Armour
 b - a +0 robe (worn)
 c - a +0 hat (worn)
Scrolls
 g - 2 scrolls of identify {unknown}
Potions
 d - a potion of magic
 f - a potion of heal wounds {unknown}
 h - a potion of lignification {unknown}
 j - a potion of curing {unknown}


   Skills:
 + Level 0.5 Fighting
 + Level 2.0 Dodging
 + Level 2.1 Stealth
 * Level 3.3 Spellcasting
 * Level 1.6 Conjurations
 + Level 1.2 Summonings
 + Level 1.1 Translocations


You had 5 spell levels left.
You knew the following spells:

 Your Spells              Type           Power      Damage    Failure   Level
a - Magic Dart            Conj           32%        1d4       9%          1
b - Call Imp              Summ           7%         N/A       16%         2

Your spell library contained the following spells:

 Spells                   Type           Power      Damage    Failure   Level
 Momentum Strike          Conj/Tloc      14%        3d8       14%         2
 Blink                    Tloc           12%        N/A       16%         2
 Slow                     Hex            8%         N/A       17%         1
 Cigotuvi's Dreadful Rot  Necr/Pois/Air  4%         N/A       26%         2
 Lesser Beckoning         Tloc           12%        N/A       32%         3
 Mephitic Cloud           Conj/Pois/Air  4%         N/A       38%         3


Dungeon Overview and Level Annotations

Branches:
Dungeon (2/15)

Altars:


Innate Abilities, Weirdness & Mutations

You regenerate a little health from kills.


Message History

You hit the worm.
The worm is lightly wounded.
The worm barely misses you.
You hit the worm.
The worm is lightly wounded.
The frilled lizard closely misses you.
Your shadow imp hits the worm.
You hit the worm.
The worm is heavily wounded.
The worm bites you! The frilled lizard bites you.
Your shadow imp barely misses the worm.
You hit the frilled lizard.
You kill the frilled lizard!
Your shadow imp hits the worm.
The worm closely misses you.
You barely miss the worm.
The worm is severely wounded.
Your shadow imp hits the worm.
The hobgoblin hits you.
You hit the worm but do no damage.
The worm is severely wounded.
The worm closely misses you. The hobgoblin barely misses you.
Your shadow imp completely misses the worm.
You hit the worm.
The worm is almost dead.
Your shadow imp barely misses the worm.
The hobgoblin closely misses you.
You hit the worm.
The worm is almost dead.
The worm barely misses you.
Your shadow imp barely misses the worm.
The hobgoblin hits you.
You hit the worm but do no damage.
The worm is almost dead.
The hobgoblin hits you.
Your shadow imp hits the worm.
The worm dies!
You hit the hobgoblin but do no damage. The hobgoblin hits you.
* * * LOW HITPOINT WARNING * * *
You closely miss the hobgoblin. The hobgoblin barely misses you.
Your shadow imp hits the hobgoblin.
You closely miss the hobgoblin.
The hobgoblin is almost dead.
Your shadow imp closely misses the hobgoblin.
The hobgoblin hits you.
You die...

. .. ##. ....
.....
..#...###
.......@#
>......5g....+
.............#
..#.######...#
$ # ...# ..#
##


You could see a hobgoblin (ally target) and a friendly shadow imp (summoned).

Vanquished Creatures
  2 dart slugs (D:1)
  2 ball pythons (D:1)
  An endoplasm (D:1)
  2 hobgoblins (D:1)
  3 kobolds (D:1)
  2 quokkas (D:1)
  A bat (D:1)
  3 frilled lizards
  3 goblins (D:1)
  3 rats (D:1)
22 creatures vanquished.

Vanquished Creatures (collateral kills)
  A worm (D:2)
  A dart slug (D:1)
  An endoplasm (D:1)
  A quokka (D:1)
  A ball python (D:1)
  A frilled lizard (D:1)
  A rat (D:1)
7 creatures vanquished.

Grand Total: 29 creatures vanquished

Notes
Turn   | Place    | Note
-------+----------+-------------------------------------------
     0 | D:1      | PimpSugar the Demonspawn Hedge Wizard began the quest for
                  | the Orb.
     0 | D:1      | Reached XP level 1. HP: 13/13 MP: 4/4
   119 | D:1      | Reached skill level 1 in Translocations
   220 | D:1      | Gained mutation: You regenerate a little health from kills.
                  | [demonic ancestry]
   220 | D:1      | Reached XP level 2. HP: 19/19 MP: 3/6
   329 | D:1      | Learned a level 2 spell: Call Imp
   874 | D:1      | Reached XP level 3. HP: 22/25 MP: 5/7
  1184 | D:2      | Slain by a hobgoblin

Illustrated notes

Levels and vault maps discovered:
D:1:      lightli_arrival_quake, layout_loops_ring, st_stairs_9
D:2:      layout_basic, serial_shops, nicolae_shop_advertising_works
          [nicolae_subvault_shop_adworks], minmay_between, uniq_sigmund,
          uniq_robin

Skill      XL: |  1  2 |
---------------+-------+-----
Translocations | 1 |  1.1
Stealth        | 2 |  2.1
Dodging        | 2 |  2.0
Fighting       | |  0.5
Spellcasting   | |  3.3
Conjurations   | |  1.6
Summonings     | |  1.2

Action                   || total
-------------------------++-------
Melee: Dagger            ||    91
Throw: Stone             ||     4
 Cast: Magic Dart        ||    28
       Call Imp          ||     6
 Stab: Sleeping          ||     1
Armor: Robe              ||    11
Dodge: Dodged            ||    56

Table legend: (Time is in decaauts)
 A = Elapsed time spent in this place.
 B = Non-inter-level travel time spent in this place.
 C = Inter-level travel time spent in this place.
 D = Time resting spent in this place.
 E = Time spent auto-exploring this place.
 F = Levels seen in this place.
 G = Mean time per level.
                   A        B        C        D        E       F      G
               +--------+--------+--------+--------+--------+-----+--------+
         Total |   1184 |   1116 |     68 |     64 |    723 |   2 |  592.0 |
       Dungeon |   1184 |   1116 |     68 |     64 |    723 |   2 |  592.0 |
               +--------+--------+--------+--------+--------+-----+--------+

Top non-repeatable levels by time:
     D:1: 1172 daAuts
     D:2: 12 daAuts
